 Dungeon Crawl Stone Soup version 0.22.1-1-ga44c0e5 (webtiles) character file.

13486 dvd the Thaumaturge (level 11, -7/79 HPs)
             Began as a Demonspawn Venom Mage on Sept 27, 2018.
             Was a High Priest of Vehumet.
             Shot with a stone by a minotaur (9 damage)
             ... in a labyrinth.
             The game lasted 00:53:12 (12743 turns).

dvd the Thaumaturge (Demonspawn Venom Mage)        Turns: 12743, Time: 00:53:13

Health: -7/79      AC:  7    Str:  8    XL:     11   Next: 76%
Magic:  6/33       EV: 14    Int: 21    God:    Vehumet [*****.]
Gold:   673        SH:  4    Dex: 13    Spells: 5/29 levels left

rFire    . . .     SeeInvis .   A - +1 mace (protect)
rCold    + + .     Gourm    .   (no shield)
rNeg     . . .     Faith    .   w - +0 leather armour "Liaf" {*Contam rElec rC++ rCorr}
rPois    .         Spirit   .   (helmet restricted)
rElec    +         Reflect  +   M - +0 cloak
rCorr    +         Harm     .   (no gloves)
MR       +....                  (no boots)
Stlth    ++........             N - +4 amulet of reflection
HPRegen  0.63/turn              h - ring of magical power
MPRegen  0.23/turn              b - ring of protection from magic

@: very slightly contaminated
A: horns 2, icy blue scales 2, powered by death 3, regeneration 1, spiny 1,
MP-powered wands
a: Renounce Religion


You were in a labyrinth.
You worshipped Vehumet.
Vehumet was extremely pleased with you.
You were very hungry.

You visited 1 branch of the dungeon, and saw 11 of its levels.
You also visited: Labyrinth.

You collected 673 gold pieces.

Inventory:

Hand Weapons
 a - a +3 rapier of venom
 i - a +0 dagger of speed
 j - a +0 mace of draining
 A - a +1 mace of protection (weapon)
Missiles
 r - 20 tomahawks (quivered)
Armour
 q - a +2 robe of magic resistance
 w - the +0 leather armour "Liaf" (worn) {*Contam rElec rC++ rCorr}
   (You found it on level 4 of the Dungeon)

   It greatly protects you from cold.
   It insulates you from electricity.
   It causes magical contamination when unequipped.
   It provides partial protection from all sources of acid and corrosion.
 z - the +1 leather armour of Hiov {rElec rPois rCorr Str-3}
   (You found it on level 4 of the Dungeon)

   It affects your strength (-3).
   It insulates you from electricity.
   It protects you from poison.
   It provides partial protection from all sources of acid and corrosion.
 B - a +1 scale mail of positive energy
 E - the +1 robe of Inviolability {rF++ Str+6 Int-2}
   (You took it off an orc on level 5 of the Dungeon)

   It affects your strength (+6).
   It affects your intelligence (-2).
   It greatly protects you from fire.
 F - the +1 robe of Life {Slay+3}
   (You found it on level 9 of the Dungeon)

   It affects your accuracy and damage with ranged weapons and melee attacks
   (+3).
 H - a +0 troll leather armour
 M - a +0 cloak (worn)
 O - +0 steam dragon scales
Jewellery
 b - a ring of protection from magic (right hand)
 h - a ring of magical power (left hand)
 m - an uncursed ring of wizardry
 N - a +4 amulet of reflection (around neck)
Wands
 n - a wand of flame (19)
 D - a wand of polymorph (22)
 G - a wand of random effects (39)
 I - a wand of iceblast (29)
Scrolls
 e - 7 scrolls of teleportation
 k - 6 scrolls of identify
 l - 2 scrolls of enchant armour
 o - a scroll of blinking
 p - 2 scrolls of remove curse
 t - a scroll of magic mapping
Potions
 d - 2 potions of heal wounds
 f - 3 potions of curing
 g - a potion of agility
 u - a potion of brilliance
 v - 3 potions of might
 x - a potion of resistance
 C - a potion of mutation
 J - a potion of magic {unknown}
 K - 2 potions of haste
Comestibles
 c - 13 rations


   Skills:
 + Level 5.1 Fighting
 + Level 3.7 Short Blades
   Level 0.8(2.7) Axes
 + Level 4.1 Maces & Flails
 + Level 0.8 Throwing
 + Level 3.8 Armour
 + Level 5.1 Dodging
 + Level 3.7 Stealth
 + Level 9.8 Spellcasting
 + Level 3.3 Conjurations
 + Level 0.3 Translocations
 + Level 1.1 Fire Magic
 + Level 6.5 Air Magic
 + Level 8.4 Poison Magic


You had 5 spell levels left.
You knew the following spells:

 Your Spells              Type           Power        Failure   Level  Hunger
a - Blink                 Tloc           N/A          12%         2    None
b - Poisonous Vapours     Pois/Air       #####.       1%          2    None
c - Olgreb's Toxic Radia  Pois           #####...     1%          4    ##.....
d - Shock                 Conj/Air       ####         1%          1    None
e - Airstrike             Air            #####.....   1%          4    ##.....
f - Flame Tongue          Conj/Fire      ###..        1%          1    None
g - Venom Bolt            Conj/Pois      #####.....   6%          5    ####...
h - Lightning Bolt        Conj/Air       ####......   10%         5    ####...

Your spell library contained the following spells:

 Spells                   Type           Power        Failure   Level  Hunger
 Freezing Cloud           Conj/Ice/Air   ###.......   65%         6    ######.
 Magic Dart               Conj           ###.         1%          1    None
 Sting                    Conj/Pois      ####         1%          1    None
 Mephitic Cloud           Conj/Pois/Air  #####...     1%          3    None
 Static Discharge         Conj/Air       ####....     1%          3    None
 Swiftness                Chrm/Air       ###.....     3%          2    None
 Conjure Flame            Conj/Fire      ###.....     3%          3    None
 Dazzling Spray           Conj/Hex       ###...       4%          3    None
 Apportation              Tloc           ##....       9%          1    None
 Animate Skeleton         Necr           N/A          10%         1    None
 Confusing Touch          Hex            ##....       10%         1    None
 Corona                   Hex            ##.....      10%         1    None
 Summon Small Mammal      Summ           ##..         10%         1    None
 Call Imp                 Summ           ##......     14%         2    None
 Ensorcelled Hibernation  Hex/Ice        ##....       14%         2    None
 Slow                     Hex            ##......     14%         2    None
 Confuse                  Hex            ##......     28%         3    None
 Tukima's Dance           Hex            ##......     28%         3    None


Dungeon Overview and Level Annotations

Branches:
Dungeon (11/15)            Temple (0/1) D:5            Lair (0/6) D:11
    Orc: D:9-12

Altars:
Ashenzari
Elyvilon
Fedhas
Kikubaaqudgha
Makhleb
Nemelex Xobeh
Okawaru
Ru
Trog
Vehumet
Wu Jian
The Shining One

Shops:
D:9 *   D:10 [


Innate Abilities, Weirdness & Mutations

You have a pair of horns on your head.
You are mostly covered in icy blue scales. (AC +3)
You regenerate a lot of health from kills.
You are partially covered in sharp spines.
Your natural rate of healing is unusually fast.
You expend magic power (3 MP) to strengthen your wands.


Message History

The bolt of poison hits the minotaur.
The minotaur looks even sicker.
The minotaur is heavily wounded.
The minotaur looks as sick as possible!
Your toxic aura wanes.
Unknown command.
Casting: Venom Bolt (safe; 6% risk of failure)
Confirm with . or Enter, or press ? or * to list all spells.
Aiming: Lightning Bolt (slightly dangerous; 10% risk of failure)
Press: ? - help, Shift-Dir - straight line, f/p - minotaur
Aim: a minotaur, wielding a fustibalus of velocity, wearing a glowing scale You hear a mighty clap of thunder!
The bolt of lightning hits the minotaur.
The minotaur is severely wounded.
You are feeling very hungry.
The minotaur shoots a stone.
The stone hits you!!
* * * LOW HITPOINT WARNING * * *
x2 Unknown command.
You feel much better.
The minotaur shoots a stone.
The stone hits you!!
* * * LOW HITPOINT WARNING * * *
You die...

..### ### . #.#
#. #.### # # #
. #...# . #.
.#.# #.# . .
#.#H# # .
#<#(#######.
... #
#.#.@.......#.
## .#
#.#.##.####.#..
.. # #.#. #.
..#. .# #.#.#
## # ## .# #
#(#. # ##
#############.
.. .# .. ....
.. ## # . .#.#
# # .... .....#
# # #. # #. # #
#


You could see a minotaur.

Vanquished Creatures
  2 two-headed ogres (D:10)
  Joseph (D:9)
  The ghost of Folque the Charlatan, a novice DsAr (D:5)
  4 trolls
  A wolf spider simulacrum (D:10)
  A hippogriff (D:8)
  Grinder (D:5)
  A slime creature (D:5)
  A spriggan (D:8)
  4 shadows (Lab)
  A wyvern (D:8)
  Sigmund (D:6)
  Eustachio (D:6)
  10 yaks
  10 hungry ghosts
  A steam dragon (D:10)
  2 wargs (D:11)
  A water moccasin (D:5)
  2 black bears
  4 ice beasts
  4 orc warriors
  3 sky beasts
  3 phantoms
  5 ogres
  4 centaurs
  5 big kobolds
  3 bullfrogs (D:8)
  2 gnoll sergeants
  5 scorpions
  9 killer bees
  5 electric eels (D:10)
  4 crimson imps
  A centaur zombie (D:10)
  A bullfrog zombie (D:5)
  6 hounds
  4 jellies
  9 orc priests
  A quasit (D:8)
  A gnoll shaman (D:7)
  2 orc wizards (D:4)
  3 bullfrog skeletons
  4 centaur skeletons
  Ijyb (D:5)
  4 iguanas
  Natasha (thrice) (D:2)
  6 worker ants
  A hound zombie (D:8)
  2 hound skeletons
  A worker ant zombie (D:5)
  19 gnolls
  10 adders
  7 oozes
  An adder zombie (D:9)
  4 adder skeletons
  2 worms
  4 dart slugs
  5 leopard geckos
  35 orcs
  2 ball pythons
  A bat zombie (D:9)
  8 giant cockroaches
  8 goblins
  5 hobgoblins
  23 jackals
  18 kobolds
  A quokka (D:3)
  7 bats
  3 frilled lizards
  3 leopard gecko skeletons
  A quokka zombie (D:5)
  8 rats
  2 rat zombies (D:9)
  A plant (D:10)
330 creatures vanquished.

Vanquished Creatures (others)
  A kobold (D:10)
  9 toadstools (D:5)
10 creatures vanquished.

Grand Total: 340 creatures vanquished

Notes
Turn   | Place    | Note
-------+----------+-------------------------------------------
     0 | D:1      | dvd the Demonspawn Venom Mage began the quest for the Orb.
     0 | D:1      | Reached XP level 1. HP: 13/13 MP: 3/3
   173 | D:1      | Gained mutation: You are partially covered in icy blue
                  | scales. (AC +2) [demonic ancestry]
   173 | D:1      | Reached XP level 2. HP: 11/19 MP: 1/5
   399 | D:1      | Learned a level 2 spell: Poisonous Vapours
   786 | D:1      | Gained mutation: You regenerate a little health from kills.
                  | [demonic ancestry]
   786 | D:1      | Reached XP level 3. HP: 24/24 MP: 4/6
  1587 | D:2      | Noticed Natasha
  1596 | D:2      | Killed Natasha
  1596 | D:2      | Gained mutation: You are partially covered in sharp spines.
                  | [demonic ancestry]
  1596 | D:2      | Reached XP level 4. HP: 28/31 MP: 0/7
  1700 | D:2      | Reached skill level 1 in Armour
  1710 | D:2      | Reached skill level 1 in Short Blades
  1944 | D:2      | Noticed Natasha
  1957 | D:2      | Killed Natasha
  1957 | D:2      | Reached skill level 1 in Fighting
  1957 | D:2      | Gained mutation: You are mostly covered in icy blue scales.
                  | (AC +3) [demonic ancestry]
  1957 | D:2      | Reached XP level 5. HP: 11/37 MP: 3/8
  2391 | D:2      | Noticed Natasha
  2399 | D:2      | Killed Natasha
  2935 | D:3      | Found a burning altar of Makhleb.
  2936 | D:3      | Found a glowing golden altar of the Shining One.
  3014 | D:3      | Learned a level 4 spell: Olgreb's Toxic Radiance
  3292 | D:3      | Reached skill level 3 in Spellcasting
  3338 | D:3      | Found a radiant altar of Vehumet.
  3346 | D:3      | Became a worshipper of Vehumet
  3393 | D:3      | Found an iron altar of Okawaru.
  3636 | D:3      | Found a sacrificial altar of Ru.
  3770 | D:3      | Gained mutation: You have a pair of small horns on your
                  | head. [demonic ancestry]
  3770 | D:3      | Reached XP level 6. HP: 37/44 MP: 10/10
  3943 | D:4      | Reached skill level 1 in Air Magic
  4043 | D:4      | Found a blossoming altar of Fedhas.
  4082 | D:4      | Reached * piety under Vehumet
  4082 | D:4      | Offered knowledge of Shock by Vehumet.
  4089 | D:4      | Learned a level 1 spell: Shock
  4205 | D:4      | Reached XP level 7. HP: 40/50 MP: 10/12
  4214 | D:4      | Got a distressingly furry leather armour
  4225 | D:4      | Identified the cursed +0 leather armour "Liaf" {*Contam
                  | rElec rC++ rCorr} (You found it on level 4 of the Dungeon)
  4314 | D:4      | Found a bloodstained altar of Trog.
  4314 | D:4      | Found a shattered altar of Ashenzari.
  4478 | D:4      | Got a jewelled leather armour
  4479 | D:4      | Identified the +1 leather armour of Hiov {rElec rPois rCorr
                  | Str-3} (You found it on level 4 of the Dungeon)
  4536 | D:4      | Found a sparkling altar of Nemelex Xobeh.
  4923 | D:5      | Entered Level 5 of the Dungeon
  4935 | D:5      | Reached skill level 4 in Spellcasting
  4969 | D:5      | Noticed Grinder
  5132 | D:5      | Killed Grinder
  5132 | D:5      | Gained mutation: You regenerate health from kills. [demonic
                  | ancestry]
  5132 | D:5      | Reached XP level 8. HP: 40/56 MP: 12/14
  5284 | D:5      | Got a distressingly furry robe
  5285 | D:5      | Identified the +1 robe of Inviolability {rF++ Str+6 Int-2}
                  | (You took it off an orc on level 5 of the Dungeon)
  5295 | D:5      | Found a staircase to the Ecumenical Temple.
  5317 | D:5      | Found a runed gate.
  5317 | D:5      | Found a runed gate.
  5325 | D:5      | Found a runed gate.
  5330 | D:5      | Noticed Folque's ghost (novice DsAr)
  5445 | D:5      | Reached skill level 1 in Maces & Flails
  5708 | D:5      | Reached skill level 5 in Spellcasting
  5708 | D:5      | Reached skill level 5 in Poison Magic
  5708 | D:5      | Noticed Ijyb
  5714 | D:5      | Killed Ijyb
  5714 | D:5      | Reached ** piety under Vehumet
  5741 | D:5      | Learned a level 4 spell: Airstrike
  5847 | D:5      | Noticed a slime creature
  5861 | D:5      | Killed a slime creature
  5861 | D:5      | Offered knowledge of Flame Tongue by Vehumet.
  6070 | D:5      | Learned a level 1 spell: Flame Tongue
  6236 | D:6      | Found an ornate altar of the Wu Jian Council.
  6323 | D:6      | Found a white marble altar of Elyvilon.
  6337 | D:6      | Noticed Eustachio
  6343 | D:6      | Noticed Sigmund
  6397 | D:6      | Killed Sigmund
  6397 | D:6      | Reached XP level 9. HP: 51/62 MP: 5/17
  6480 | D:6      | Killed Eustachio
  6921 | D:7      | Reached skill level 6 in Spellcasting
  6928 | D:7      | Offered knowledge of Searing Ray by Vehumet.
  7160 | D:7      | Learned a level 2 spell: Blink
  7482 | D:8      | Reached *** piety under Vehumet
  7504 | D:8      | Reached skill level 7 in Spellcasting
  7564 | D:8      | Gained mutation: You have a pair of horns on your head.
                  | [demonic ancestry]
  7564 | D:8      | Reached XP level 10. HP: 70/70 MP: 17/20
  7597 | D:8      | Learned a level 5 spell: Venom Bolt
  7730 | D:8      | Reached skill level 5 in Air Magic
  7733 | D:8      | Offered knowledge of Inner Flame by Vehumet.
  8142 | D:8      | Gained mutation: You expend magic power (3 MP) to
                  | strengthen your wands. [potion of mutation]
  8142 | D:8      | Gained mutation: Your natural rate of healing is unusually
                  | fast. [potion of mutation]
  8227 | D:8      | Reached **** piety under Vehumet
  8248 | D:8      | Learned a level 5 spell: Lightning Bolt
  8503 | D:9      | Got a creamy pearl robe
  8504 | D:9      | Identified the +1 robe of Life {Slay+3} (You found it on
                  | level 9 of the Dungeon)
  8580 | D:9      | Found Ifoasyan's General Store.
  8592 | D:9      | Noticed Joseph
  8602 | D:9      | Killed Joseph
  8761 | D:9      | Reached skill level 8 in Spellcasting
  8878 | D:9      | Offered knowledge of Fireball by Vehumet.
  8959 | D:9      | Found an ancient bone altar of Kikubaaqudgha.
  9413 | D:9      | Reached skill level 1 in Fire Magic
  9651 | D:5      | Killed Folque's ghost
  9651 | D:5      | Gained mutation: You regenerate a lot of health from kills.
                  | [demonic ancestry]
  9651 | D:5      | Reached XP level 11. HP: 70/77 MP: 23/23
  9860 | D:10     | Entered Level 10 of the Dungeon
  9919 | D:10     | Noticed a two-headed ogre
  9930 | D:10     | Killed a two-headed ogre
 10058 | D:10     | Reached ***** piety under Vehumet
 10353 | D:10     | Found Loxkay's Antique Armour Shoppe.
 10442 | D:10     | Noticed a two-headed ogre
 10450 | D:10     | Killed a two-headed ogre
 10450 | D:10     | Reached skill level 9 in Spellcasting
 10540 | D:10     | Offered knowledge of Freezing Cloud by Vehumet.
 11042 | D:11     | Found a staircase to the Lair.
 11066 | D:11     | Found a labyrinth entrance.
 11079 | Lab      | Entered a labyrinth
 11306 | Lab      | Reached skill level 5 in Dodging
 11444 | Lab      | Reached skill level 5 in Fighting
 12728 | Lab      | Noticed a minotaur
 12743 | Lab      | HP: 2/79 [minotaur/stone (27)]
 12743 | Lab      | Shot with a stone by a minotaur

Skill      XL: |  1  2  3  4  5  6  7  8  9 10 11 |
---------------+----------------------------------+-----
Stealth        | 2 3 |  3.7
Dodging        | 2 3 4 5 |  5.1
Armour         | 1 2 3 |  3.8
Short Blades   | 1 2 3 |  3.7
Fighting       | 1 2 3 4 5 |  5.1
Spellcasting   | 3 4 5 7 8 9 |  9.8
Poison Magic   | 4 5 6 7 8 |  8.4
Air Magic      | 1 2 3 4 6 |  6.5
Conjurations   | 2 3 |  3.3
Maces & Flails | 2 4 |  4.1
Fire Magic     | 1 |  1.1
Axes           | |  0.8
Throwing       | |  0.8
Translocations | |  0.3

Action                   |  1- 3 |  4- 6 |  7- 9 | 10-12 || total
-------------------------+-------+-------+-------+-------++-------
Melee: Dagger            |    76 |       |     4 |       ||    80
       Short sword       |    46 |   106 |    40 |       ||   192
       War axe           |       |    13 |       |       ||    13
       Mace              |       |    20 |    67 |   191 ||   278
       Headbutt          |       |     3 |    30 |    34 ||    67
       Rapier            |       |       |    60 |    36 ||    96
Throw: Tomahawk          |       |     4 |       |       ||     4
 Cast: Sting             |    34 |    27 |     2 |       ||    63
       Poisonous Vapours |     4 |    32 |    40 |    20 ||    96
       Olgreb's Toxic Ra |       |     4 |    22 |    39 ||    65
       Shock             |       |       |    26 |     5 ||    31
       Flame Tongue      |       |       |    10 |    13 ||    23
       Airstrike         |       |       |     4 |    28 ||    32
       Venom Bolt        |       |       |       |    17 ||    17
       Lightning Bolt    |       |       |       |    14 ||    14
       Blink             |       |       |       |     3 ||     3
Evoke: Wand              |       |       |       |     2 ||     2
  Use: Scroll            |       |     2 |    12 |     3 ||    17
       Potion            |       |       |       |     9 ||     9
 Stab: Sleeping          |     1 |     2 |     4 |     5 ||    12
  Eat: Chunk             |     3 |    11 |    13 |    21 ||    48
       Ration            |       |       |     1 |     3 ||     4
Armor: Robe              |    11 |    30 |       |       ||    41
       Ring mail         |    44 |     3 |       |       ||    47
       Leather armour    |       |       |    58 |    65 ||   123
Dodge: Dodged            |    89 |    78 |    99 |   146 ||   412
Block: Other             |       |       |       |    17 ||    17
